 Dungeon Crawl Stone Soup version 0.29.0-11-gd7f09526c8 (console) character file.

Game seed: 1426130525309983889

104 erker the Covered (level 4, -4/40 HPs)
             Began as a Minotaur Fighter on Sept 4, 2022.
             Slain by Grinder (7 damage)
             ... while paralysed by Grinder
             ... on level 3 of the Dungeon.
             The game lasted 00:03:10 (1811 turns).

erker the Covered (Minotaur Fighter)                Turns: 1811, Time: 00:03:11

Health: -4/40      AC:  8    Str: 23    XL:     4   Next: 52%
Magic:  3/3        EV:  2    Int:  5    God:
Gold:   143        SH:  0    Dex:  9    Spells: 3/3 levels left

rFire   . . .      SeeInvis .   k - +1 hand axe (freeze)
rCold   . . .      Faith    .   c - +0 buckler
rNeg    . . .      Spirit   .   b - +0 scale mail
rPois   .          Reflect  .   (helmet restricted)
rElec   .          Harm     .   (no cloak)
rCorr   .          Rampage  .   (no gloves)
Will    .....                   e - +0 pair of boots
Stlth   ..........              (no amulet)
HPRegen 0.13/turn               (no ring)
MPRegen 0.08/turn               (no ring)

@: paralysed, mighty
A: horns 2, retaliatory headbutt
a: no special abilities


You were on level 3 of the Dungeon.
You visited 1 branch of the dungeon, and saw 4 of its levels.

You collected 143 gold pieces.

Inventory:

Hand Weapons
 a - a +0 war axe
 k - a +1 hand axe of freezing (weapon)
Missiles
 f - a throwing net (quivered)
 j - 5 poisoned darts
Armour
 b - a +0 scale mail (worn)
 c - a +0 buckler (worn)
 e - a +0 pair of boots (worn)
Scrolls
 g - 3 scrolls of teleportation
 l - 4 scrolls of identify {unknown}
 n - a scroll of poison {unknown}
Potions
 d - a potion of might
 h - a potion of lignification {unknown}
 i - a potion of attraction {unknown}
 m - a potion of haste {unknown}


   Skills:
 + Level 4.2 Fighting
 * Level 3.4 Axes
 + Level 4.3 Armour
 + Level 1.9 Dodging
 + Level 4.3 Shields


You had 3 spell levels left.
You didn't know any spells.
Your spell library was empty.

Dungeon Overview and Level Annotations

Branches:
Dungeon (4/15)
 Temple: D:4-7

Altars:

Shops:
D:1 :   D:4 (

Annotations:
D:3 Grinder


Innate Abilities, Weirdness & Mutations

You have a pair of horns on your head.
You reflexively headbutt those who attack you in melee.


Message History

l - 4 scrolls labelled VIFENT ASTOUKK (gained 2)
You see here a +0 scimitar of electrocution.
Grinder comes into view.
Grinder shouts!
You hear a shout!
A hobgoblin comes into view.
Grinder gestures at you. You resist with significant effort.
You feel very mighty all of a sudden.
Grinder blinks!
The hobgoblin hits you.
You slash the hobgoblin! You freeze the hobgoblin.
You kill the hobgoblin!
You closely miss Grinder. Grinder hits you.
You writhe in agony.
You slash Grinder!
Grinder is lightly wounded.
Grinder hits you!
You writhe in agony.
You closely miss Grinder.
Grinder is lightly wounded.
Grinder hits you.
You writhe in agony.
You block Grinder's attack.
You barely miss Grinder.
Grinder is lightly wounded.
Grinder barely misses you. You furiously retaliate!
You headbutt Grinder. You closely miss Grinder.
Grinder is moderately wounded.
Grinder barely misses you.
You completely miss Grinder.
Grinder is moderately wounded.
Grinder hits you!
* * * LOW HITPOINT WARNING * * *
You writhe in agony.
* * * LOW HITPOINT WARNING * * *
You slash Grinder! You headbutt Grinder.
Grinder is severely wounded.
Grinder barely misses you.
You slash Grinder!
Grinder is almost dead.
Grinder gestures at you.
You suddenly lose the ability to move!
Grinder hits you!
You die...

..# #.# #.#
##.#######
#.......)# ##
#..#####.# #.##
.######..# #.#
#...## .........#
#.##.....##
.#######.#
#..@5.....# #.#
####.....## #.#
#...##
#.##########.##
#.##.#........#.#
#......<# #.....#
####.#..###.....####
#.#..)...........
#.#..###.....##


You could see Grinder.

Vanquished Creatures
  2 adders
  A worm (D:2)
  3 dart slugs
  9 orcs
  2 ball pythons (D:1)
  7 bats
  4 endoplasms
  2 giant cockroaches
  4 goblins
  6 hobgoblins
  5 jackals (D:1)
  4 quokkas
  3 frilled lizards (D:1)
  8 kobolds
  2 rats (D:1)
62 creatures vanquished.

Notes
Turn   | Place    | Note
-------+----------+-------------------------------------------
     0 | D:1      | erker the Minotaur Fighter began the quest for the Orb.
     0 | D:1      | Reached XP level 1. HP: 19/19 MP: 0/0
   391 | D:1      | Reached XP level 2. HP: 27/27 MP: 1/1
   405 | D:1      | Found Wulae's Book Shoppe.
   481 | D:1      | Found a faded altar of an unknown god.
   498 | D:1      | Reached skill level 1 in Dodging
   752 | D:1      | Reached XP level 3. HP: 33/33 MP: 2/2
  1246 | D:2      | You fall into a shaft and drop 2 floors!
  1250 | D:4      | Noticed a scorpion
  1261 | D:4      | Found Renicvud's Weapon Shop.
  1505 | D:3      | Reached XP level 4. HP: 40/40 MP: 3/3
  1795 | D:3      | Noticed Grinder
  1810 | D:3      | Paralysed by Grinder for 2 turns
  1811 | D:3      | Slain by Grinder

Illustrated notes

Levels and vault maps discovered:
D:1:      scummos_arrival_simple_crosswalls, layout_loops_ring,
          hellmonk_ecumenical_altar_arch_garden, serial_shops,
          nicolae_square_shop
D:2:      layout_basic
D:3:      layout_loops_ring, hangedman_abyss_or_decor_lesser_grid, uniq_grinder
D:4:      layout_rooms, serial_shops, shop, nicolae_shop_waterfront, shop

Skill      XL: |  1  2  3 |
---------------+----------+-----
Dodging        | 1 |  1.9
Armour         | 4 |  4.3
Fighting       | 4 |  4.2
Shields        | 4 |  4.3
Axes           | 3 |  3.4

Action                   |  1- 3 |  4- 6 || total
-------------------------+-------+-------++-------
Melee: War axe           |    91 |       ||    91
       Headbutt          |    13 |     6 ||    19
       Hand axe          |    11 |    37 ||    48
  Use: Scroll            |     1 |       ||     1
       Potion            |       |     1 ||     1
Armor: Scale mail        |    59 |     9 ||    68
Dodge: Dodged            |    43 |    11 ||    54
Block: Buckler           |    15 |     5 ||    20
